 Dungeon Crawl Stone Soup version 0.29.1-13-g9f3cf754e1 (webtiles) character file.

Game seed: 10524069312621468022

127 wingedge the Conjurer (level 5, 0/46 HPs)
             Began as a Meteoran Conjurer on Jan 28, 2023.
             Slain by a wight
             ... wielding a +0 scimitar
              (12 damage)
             ... on level 7 of the Dungeon.
             The game lasted 00:05:47 (634 turns).

wingedge the Conjurer (Meteoran Conjurer)            Turns: 634, Time: 00:05:48

Health: 0/46       AC:  2    Str:  8    XL:     5   Next: 60%
Magic:  0/11       EV: 12    Int: 21    God:
Gold:   29         SH:  0    Dex: 13    Spells: 8/11 levels left

rFire   . . .      SeeInvis .   h - +0 dagger
rCold   . . .      Faith    .   (no shield)
rNeg    . . .      Spirit   .   a - +0 robe
rPois   .          Reflect  .   (no helmet)
rElec   .          Harm     .   (no cloak)
rCorr   .          Rampage  .   (no gloves)
Will    .....                   (no boots)
Stlth   +.........              (no amulet)
HPRegen 0.15/turn               (no ring)
MPRegen 0.12/turn               (no ring)

@: glowing
A: sense surroundings 1, otherworldly, glowing, explore regen
a: no special abilities


You were on level 7 of the Dungeon.
You visited 1 branch of the dungeon, and saw 6 of its levels.

You collected 29 gold pieces.

Inventory:

Hand Weapons
 h - a +0 dagger (weapon)
Armour
 a - a +0 robe (worn)
Scrolls
 c - a scroll of amnesia


   Skills:
 - Level 4.0 Fighting
 - Level 3.0 Dodging
 - Level 1.4 Stealth
 + Level 3.7 Spellcasting
 - Level 5.0 Conjurations


You had 8 spell levels left.
You knew the following spells:

 Your Spells              Type           Power      Damage    Failure   Level
a - Magic Dart            Conj           96%        1d7       1%          1
b - Searing Ray           Conj           48%        2d6       2%          2

Your spell library contained the following spells:

 Spells                   Type           Power      Damage    Failure   Level
 Dazzling Flash           Conj/Hex       28%        N/A       13%         3
 Fulminant Prism          Conj/Hex       7%         3d7       41%         4
 Iskenderun's Mystic Bla  Conj/Tloc      14%        2d5       41%         4


Dungeon Overview and Level Annotations

Branches:
Dungeon (7/15) Zot: 2966   Temple (0/1) D:5

Altars:
Gozag
Makhleb


Innate Abilities, Weirdness & Mutations

You passively map a small area around you.
You are easily found by Zot.
You glow in the dark.
You regain HP and MP as you explore.


Message History

The searing ray hits the wight.
The wight is moderately damaged. (Press . to maintain the ray.) Training target 4.0 for Fighting reached!
Your Fighting skill increases to level 4!
You need to enable at least one skill for training.
You have reached level 5!
The searing ray hits the wight.
The wight is severely damaged.
The searing ray hits the wight but does no damage.
The searing ray hits the wight.
The wight is almost destroyed.
The searing ray hits the wight.
The wight is lightly damaged.
Okay, then.
Okay, then.
Okay, then.
As you read the scroll of teleportation, it crumbles to dust.
You feel strangely unstable.
It was a potion of cancellation.
You feel strangely stable.
You feel magically purged. The wight closely misses you.
Okay, then.
As you read the scroll labelled CYEMOC ZOEDD, it crumbles to dust.
It is a scroll of amnesia.
Really abort (and waste the scroll)? [Y]es or [N]o only, please.
Really abort (and waste the scroll)?
Okay, then.
The wight hits you with a +0 battleaxe! The wight barely misses you.
The wight hits you with a +0 scimitar!
It was a potion of curing.
You feel better. The wight hits you with a +0 battleaxe!
The wight barely misses you. The wight hits you with a +0 scimitar!
* * * LOW HITPOINT WARNING * * *
As you read the scroll labelled FADEPR ESIDOV, it crumbles to dust.
The scroll dissolves into smoke.
It was a scroll of fog.
The wight barely misses you. The wight closely misses you.
The wight hits you with a +0 scimitar!
You die...

* * * ,,
,, .. #.
, * ,* ,
.. .. * #
,.#.. * *
#.##.#.,
* *
,#.#..) ,
, ...§ *
,
####z####
*
#$§z@z.<#
* ,
#..§§§..#
,
#.......#
, , *
#.......#
*
#.......#
*
#.......#
#.......#
, *
#########
*


You could see 3 wights.

Vanquished Creatures
  A scorpion (D:6)
  A wight (D:7)
  An ufetubus (D:6)
  A dart slug (D:3)
  An orc (D:3)
  2 endoplasms (D:2)
  2 quokkas (D:2)
  A ball python (D:2)
  A bat (D:1)
  A kobold (D:2)
  2 rats
14 creatures vanquished.

Notes
Turn   | Place    | Note
-------+----------+-------------------------------------------
     0 | D:1      | wingedge the Meteoran Conjurer began the quest for the Orb.
     0 | D:1      | Reached XP level 1. HP: 14/14 MP: 5/5
    97 | D:2      | Reached skill level 5 in Conjurations
   223 | D:2      | Reached XP level 2. HP: 20/20 MP: 5/7
   226 | D:2      | Learned a level 2 spell: Searing Ray
   529 | D:3      | You fall into a shaft and drop 2 floors!
   529 | D:5      | Entered Level 5 of the Dungeon
   538 | D:5      | Found an opulent altar of Gozag.
   538 | D:5      | Noticed a centaur
   538 | D:5      | Noticed a jelly
   542 | D:6      | Noticed a hound
   543 | D:6      | Noticed a scorpion
   545 | D:6      | Reached skill level 1 in Fighting
   545 | D:6      | Reached XP level 3. HP: 28/28 MP: 5/8
   550 | D:6      | Killed a scorpion
   551 | D:6      | Reached XP level 4. HP: 22/38 MP: 6/9
   562 | D:5      | Found a burning altar of Makhleb.
   622 | D:7      | Noticed a wight
   622 | D:7      | Noticed a wight
   623 | D:7      | Noticed a wight
   624 | D:7      | Noticed a wight
   627 | D:7      | Killed a wight
   628 | D:7      | Reached XP level 5. HP: 46/46 MP: 2/11
   634 | D:7      | Slain by a wight

Illustrated notes

Levels and vault maps discovered:
D:1:      wander_arrival_peaceful_grave, layout_loops_cross,
          ebering_ecumenical_altar_ruins, serial_bayou_ford_a
D:2:      minmay_diamond_boxcup, layout_basic, minmay_misc_feat_rows
D:3:      minmay_skewed_foursquare, layout_rooms, general_overflow_altar,
          ebering_ghost_disaster_area
D:5:      layout_rooms, good_gods_temple_1, demons_altar,
          nicolae_gozag_seed_capital, minmay_temple_entry_gardened_gates,
          gup_sewer_entry_bubbles, minmay_between
D:6:      layout_cave_pods, uniq_edmund
D:7:      layout_loops_cross, gammafunk_temple_overflow_elements, serial_shops,
          shop, grunt_decor_resistance, uniq_pikel

Skill      XL: |  1  2  3  4 |
---------------+-------------+-----
Conjurations   | 5 |  5.0
Spellcasting   | 3 |  3.7
Dodging        | 3 |  3.0
Fighting       | 1 3 4 |  4.0
Stealth        | |  1.4

Action                   |  1- 3 |  4- 6 || total
-------------------------+-------+-------++-------
 Cast: Magic Dart        |    11 |     1 ||    12
       Searing Ray       |     6 |     4 ||    10
  Use: Scroll            |     2 |     3 ||     5
       Potion            |     1 |     2 ||     3
Dodge: Dodged            |     3 |     5 ||     8
